 Dungeon Crawl Stone Soup version 0.22.0 (webtiles) character file.

975 Blackhawk the Shield-Bearer (level 8, 0/64 HPs)
             Began as a Formicid Fighter on Oct 24, 2018.
             Slain by an orc wizard
             ... wielding a +0 dagger
              (2 damage)
             ... on level 7 of the Dungeon.
             The game lasted 00:10:06 (5521 turns).

Blackhawk the Shield-Bearer (Formicid Fighter)      Turns: 5521, Time: 00:10:07

Health: 0/64       AC:  0    Str: 24    XL:     8   Next: 39%
Magic:  8/8        EV: 13    Int:  7    God:
Gold:   221        SH:  0    Dex: 10    Spells: 7/7 levels left

rFire    . . .     SeeInvis .   (weapon currently unavailable)
rCold    . . .     Gourm    .   (shield currently unavailable)
rNeg     . . .     Faith    .   (armour currently unavailable)
rPois    .         Spirit   .   (helmet unavailable)
rElec    .         Reflect  .   (cloak currently unavailable)
rCorr    .         Harm     .   (gloves currently unavailable)
MR       .....                  (boots currently unavailable)
Stlth    +.........             (no amulet)
HPRegen  0.20/turn              (ring currently unavailable)
MPRegen  0.11/turn              (ring currently unavailable)

@: confused, pig-form (expiring), very quick
A: small, permanent stasis, dig shafts and tunnels, four strong arms
a: no special abilities


You were on level 7 of the Dungeon.
You were near starving.
You were a filthy swine.
You visited 1 branch of the dungeon, and saw 7 of its levels.
You also visited: Ossuary.

You collected 221 gold pieces.

Inventory:

Hand Weapons
 a - a +0 flail (melded)
 s - a +2 hand axe of electrocution
Missiles
 k - 173 stones (quivered)
 E - 9 sling bullets
Armour
 b - a +0 scale mail (melded)
 c - a +0 shield (melded)
 n - a +2 shield of cold resistance
 p - a +0 scale mail of magic resistance
 q - a cursed -1 ring mail
Jewellery
 r - an uncursed amulet of the gourmand {unknown}
 t - an uncursed ring of positive energy {unknown}
 v - a +3 amulet of reflection {unknown}
 G - an uncursed amulet of rage {unknown}
Wands
 x - a wand of random effects (24)
 A - a wand of digging (22)
 F - a wand of flame (9)
Scrolls
 g - a scroll of enchant weapon {unknown}
 h - 3 scrolls of remove curse {unknown}
 l - 6 scrolls of identify {unknown}
 o - a scroll of teleportation {unknown}
 w - 3 scrolls of immolation {unknown}
 y - a scroll of enchant armour {unknown}
 B - 5 scrolls of random uselessness {unknown}
 C - 3 scrolls of noise {unknown}
Potions
 d - 2 potions of might
 e - 2 potions of haste {unknown}
 i - 10 potions of degeneration {unknown}
 j - 4 potions of curing
 m - a potion of lignification {unknown}
 u - 3 potions of berserk rage {unknown}
 z - 2 potions of invisibility {unknown}
 D - 2 potions of mutation {unknown}
Comestibles
 f - 7 rations


   Skills:
 + Level 6.0 Fighting
 + Level 4.9 Maces & Flails
 + Level 6.0 Armour
 + Level 6.5 Shields


You had 7 spell levels left.
You didn't know any spells.
Your spell library contained the following spells:

 Spells                   Type           Power        Failure   Level  Hunger
 Fireball                 Conj/Fire      #.........   100%        5    ######.
 Conjure Flame            Conj/Fire      #.......     80%         3    ####...
 Confuse                  Hex            #.......     80%         3    ####...
 Throw Flame              Conj/Fire      #.....       56%         2    ###....
 Sticky Flame             Conj/Fire      #.......     99%         4    #####..
 Tukima's Dance           Hex            #.......     80%         3    ####...
 Stone Arrow              Conj/Erth      #.....       80%         3    ####...
 Flame Tongue             Conj/Fire      #....        43%         1    ##.....
 Passwall                 Tmut/Erth      #.......     56%         2    ###....
 Ensorcelled Hibernation  Hex/Ice        #.....       56%         2    ###....
 Corona                   Hex            #......      43%         1    ##.....
 Lee's Rapid Deconstruct  Erth           #.........   100%        5    ######.
 Sandblast                Erth           #.....       43%         1    ##.....
 Petrify                  Tmut/Erth      #.......     99%         4    #####..
 Inner Flame              Hex/Fire       #.......     80%         3    ####...
 Dazzling Spray           Conj/Hex       #.....       80%         3    ####...


Dungeon Overview and Level Annotations

Branches:
Dungeon (8/15)
 Temple: D:4-7         Lair: D:8-11

Altars:
Fedhas
Uskayaw


Innate Abilities, Weirdness & Mutations

You cannot be hasted, slowed, berserked, paralysed or teleported.
You can dig through walls and to a lower floor.
Your four strong arms can wield two-handed weapons with a shield.
((You have a pair of large antennae on your head. (SInv)))


Message History

You miss something. Something hits you.
* * * LOW HITPOINT WARNING * * *
You miss something.
Your transformation is almost over.
You hear some strange, mumbled words.
Something tries to affect you, but you resist.
You completely miss something. Something barely misses you.
You barely miss something. Something hits you.
* * * LOW HITPOINT WARNING * * *
You barely miss something. You miss something.
You hear some strange, mumbled words.
You are confused.
You bump into the rock wall.
You hear some strange, mumbled words.
A puff of flame appears from out of thin air!
The puff of flame hits you!
* * * LOW HITPOINT WARNING * * *
Something hits you.
You die...

.............#.........)#.# #
...#..........##..........# #
...##.........##........#.#######
..............#..................
..#..............<........#..##..
...............#.........###...##
...............#.........# ###..#
..............##.........######.#
.##...........##h#####...##......
. #...........o{.# #........... ?
#...........o### ###.<(......
#............# #.##......
#...........### ..##......
#............# .#.......
.............. ........
.##.........## ##......
##.##..#### .......


You could see 2 orcs.

Vanquished Creatures
  An ice beast (D:7)
  3 bullfrogs
  A centaur zombie (Ossuary)
  A hound (D:4)
  An orc wizard (D:3)
  2 orc priests (D:3)
  3 human zombies (Ossuary)
  Jessica (D:3)
  An iguana (D:7)
  Terence (D:2)
  4 worker ants
  A hound skeleton (D:4)
  5 mummies (Ossuary)
  Robin (D:3)
  A howler monkey skeleton (D:7)
  6 adders
  2 shadow imps
  2 worms
  2 leopard geckos
  15 orcs
  5 giant cockroaches
  13 hobgoblins
  A quokka (D:4)
  2 ball pythons
  6 bats
  7 frilled lizards
  15 goblins
  2 hobgoblin zombies (Ossuary)
  7 kobolds
  A kobold zombie (Ossuary)
  An orc zombie (Ossuary)
  8 rats
122 creatures vanquished.

Notes
Turn   | Place    | Note
-------+----------+-------------------------------------------
     0 | D:1      | Blackhawk the Formicid Fighter began the quest for the Orb.
     0 | D:1      | Reached XP level 1. HP: 18/18 MP: 1/1
   160 | D:1      | Reached XP level 2. HP: 10/24 MP: 2/2
   653 | D:1      | Reached XP level 3. HP: 24/29 MP: 3/3
  1377 | D:2      | Reached XP level 4. HP: 20/37 MP: 4/4
  1673 | D:2      | Found a blossoming altar of Fedhas.
  1919 | D:2      | Noticed Terence
  1944 | D:2      | Killed Terence
  1944 | D:2      | Reached XP level 5. HP: 37/42 MP: 5/5
  2245 | D:3      | Noticed Jessica
  2258 | D:3      | Killed Jessica
  2438 | D:3      | Reached XP level 6. HP: 16/49 MP: 6/6
  2666 | D:3      | Noticed Robin
  2699 | D:3      | HP: 1/49 [goblin/dagger of electrocution[Robin] (17)]
  2703 | D:3      | Reached skill level 5 in Shields
  2710 | D:3      | Killed Robin
  3465 | D:3      | Found a hide-covered altar of Uskayaw.
  3929 | D:4      | Reached XP level 7. HP: 54/55 MP: 7/7
  4288 | D:5      | Entered Level 5 of the Dungeon
  4309 | D:5      | Reached skill level 5 in Armour
  4427 | D:5      | Reached skill level 5 in Fighting
  4428 | D:5      | You fall through a shaft for 3 floors!
  4917 | D:7      | Reached XP level 8. HP: 27/63 MP: 8/8
  5007 | D:7      | Found a sand-covered staircase.
  5011 | Ossuary  | Entered an ossuary
  5520 | D:7      | HP: 2/64 [something/puff of flame (9)]
  5521 | D:7      | Slain by an orc wizard

Skill      XL: |  1  2  3  4  5  6  7  8 |
---------------+-------------------------+-----
Shields        | 4 5 6 |  6.5
Armour         | 4 5 6 |  6.0
Fighting       | 4 5 6 |  6.0
Maces & Flails | 3 4 |  4.9

Action                   |  1- 3 |  4- 6 |  7- 9 || total
-------------------------+-------+-------+-------++-------
Melee: Flail             |   133 |   228 |   163 ||   524
       Unarmed           |       |       |    14 ||    14
  Use: Potion            |       |     2 |       ||     2
  Eat: Chunk             |     2 |     8 |     4 ||    14
Armor: Scale mail        |    60 |    88 |    58 ||   206
Dodge: Dodged            |    40 |    68 |    52 ||   160
Block: Shield            |    57 |   140 |    69 ||   266
